 Dungeon Crawl Stone Soup version 0.25.0-10-g039870ee82 (webtiles) character file.

Game seed: 12630827234804856963

385 fritzmikael the Magician (level 6, -2/47 HPs)
             Began as a Mummy Fire Elementalist on June 23, 2020.
             Slain by a human zombie (6 damage)
             ... in an ossuary.
             The game lasted 00:23:30 (4264 turns).

fritzmikael the Magician (Mummy Fire Elementalist)  Turns: 4264, Time: 00:23:31

Health: -2/47      AC:  7    Str: 12    XL:     6   Next: 48%
Magic:  7/13       EV: 11    Int: 16    God:
Gold:   176        SH:  0    Dex: 12    Spells: 10/14 levels left

rFire    . . .     SeeInvis .   e - +0 flail
rCold    + . .     Gourm    .   (no shield)
rNeg     + + +     Faith    .   n - +0 leather armour
rPois    ∞         Spirit   .   l - +2 hat
rElec    .         Reflect  .   i - +0 cloak
rCorr    .         Harm     .   (no gloves)
MR       .....                  k - +0 pair of boots
Stlth    ++........             (no amulet)
HPRegen  0.15/turn              b - ring of stealth
MPRegen  0.13/turn              d - ring of protection from fire

@: about to teleport
A: no food or potions, fire vulnerability, cold resistance 1, negative energy
resistance 3, torment resistance, unbreathing
a: no special abilities


You were in an ossuary.
You were not hungry.

You visited 1 branch of the dungeon, and saw 4 of its levels.
You also visited: Ossuary.

You collected 176 gold pieces.

Inventory:

Hand Weapons
 e - a +0 flail (weapon)
Missiles
 h - 6 javelins (quivered)
Armour
 a - a +0 robe
 i - a +0 cloak (worn)
 k - a +0 pair of boots (worn)
 l - a +2 hat (worn)
 n - a +0 leather armour (worn)
Jewellery
 b - a ring of stealth (left hand)
 d - a ring of protection from fire (right hand)
Wands
 o - a wand of flame (23)
 p - a wand of enslavement (11)
Scrolls
 c - 2 scrolls of identify
 g - 2 scrolls of noise
 j - a scroll of immolation
 m - a scroll of remove curse


   Skills:
 + Level 3.3 Fighting
 - Level 1.5 Dodging
 - Level 1.5 Stealth
 + Level 4.7 Spellcasting
 + Level 2.6 Conjurations
 + Level 3.6 Fire Magic


You had 10 spell levels left.
You knew the following spells:

 Your Spells              Type           Power        Failure   Level  Hunger
a - Foxfire               Conj/Fire      ##..         5%          1    N/A
b - Conjure Flame         Conj/Fire      ##......     17%         3    N/A

Your spell library contained the following spells:

 Spells                   Type           Power        Failure   Level  Hunger
 Inner Flame              Hex/Fire       #.......     28%         3    N/A
 Sticky Flame             Conj/Fire      ##......     50%         4    N/A
 Fireball                 Conj/Fire      ##........   83%         5    N/A

Dungeon Overview and Level Annotations

Branches:
Dungeon (4/15)            Ossuary (1/1)
 Temple: D:4-7

Altars:
Ru


Innate Abilities, Weirdness & Mutations

You do not eat or drink.
Your flesh is vulnerable to fire.
You are immune to poison.
Your flesh is cold resistant. (rC+)
You are immune to negative energy. (rN+++)
You are immune to unholy pain and torment.
You can survive without breathing.


Message History

* * * LOW HITPOINT WARNING * * *
The elf zombie barely misses you. The goblin zombie hits you.
* * * LOW HITPOINT WARNING * * *
The kobold zombie completely misses you.
The hound zombie closely misses you.
The adder zombie bites you but does no damage.
Casting: Foxfire (safe; 5% risk of failure)
Confirm with . or Enter, or press ? or * to list all spells.
Nothing appears to happen.
The adder zombie barely misses you. The human zombie closely misses you.
The human zombie hits you but does no damage.
The elf zombie closely misses you. The hound zombie closely misses you.
The goblin zombie hits you but does no damage.
The kobold zombie closely misses you. The adder zombie closely misses you.
You hit the kobold zombie.
You destroy the kobold zombie!
The adder zombie bites you but does no damage.
The hound zombie barely misses you. The adder zombie closely misses you.
The human zombie hits you.
You die...

.....#####.....
................
................
...............#
...............#
................
........Z.......
.......ZZZ......
......ZZ@Z......
.......Z.Z......
................
................
................
...............#
...............#
................


You could see 2 adder zombies, a hound zombie, a goblin zombie, a kobold zombie,
a big kobold zombie, an elf zombie and 2 human zombies.

Vanquished Creatures
  A scorpion (D:3)
  An orc priest (D:4)
  2 orc wizards (D:4)
  12 adders
  4 gnolls
  2 oozes
  A worm (D:4)
  2 leopard geckos
  7 orcs
  4 ball pythons
  4 bats
  A giant cockroach (D:1)
  3 goblins
  12 hobgoblins
  12 jackals
  11 kobolds
  A quokka (D:2)
  4 frilled lizards
  2 kobold zombies (Ossuary)
  An orc zombie (Ossuary)
  9 rats
96 creatures vanquished.

Vanquished Creatures (collateral kills)
  A frilled lizard (D:1)
  A rat (D:1)
2 creatures vanquished.

Vanquished Creatures (others)
  368 foxfires
368 creatures vanquished.

Grand Total: 466 creatures vanquished

Notes
Turn   | Place    | Note
-------+----------+-------------------------------------------
     0 | D:1      | fritzmikael the Mummy Fire Elementalist began the quest for
                  | the Orb.
     0 | D:1      | Reached XP level 1. HP: 13/13 MP: 4/4
   103 | D:1      | Reached skill level 1 in Conjurations
   202 | D:1      | Reached XP level 2. HP: 20/20 MP: 0/5
   362 | D:1      | Reached skill level 3 in Spellcasting
   365 | D:1      | Reached skill level 1 in Fighting
   693 | D:1      | Reached XP level 3. HP: 26/26 MP: 2/7
  1462 | D:2      | Reached XP level 4. HP: 32/32 MP: 0/9
  2108 | D:2      | Found a sacrificial altar of Ru.
  2308 | D:2      | Learned a level 3 spell: Conjure Flame
  2535 | D:3      | Reached skill level 4 in Spellcasting
  2613 | D:3      | Reached XP level 5. HP: 38/38 MP: 8/11
  3473 | D:3      | Reached XP level 6. HP: 47/47 MP: 6/12
  4240 | D:4      | Found a sand-covered staircase.
  4248 | Ossuary  | Entered an ossuary
  4264 | Ossuary  | Slain by a human zombie

Illustrated notes

Levels and vault maps discovered:
D:1:      lemuel_arrival_lava_pool, layout_basic, minmay_strange_pillars
D:2:      layout_rooms, nicolae_ru_sacrificial_ziggurat
D:3:      layout_loops_corners, kennysheep_potato
D:4:      layout_basic, kennysheep_vampire_church, enter_ossuary_1,
          first_ration, hangedman_abyss_or_decor_lesser_grid,
          minmay_goblin_kobold_house, uniq_robin
Ossuary:  ossuary_minmay_tomb_2a

Skill      XL: |  1  2  3  4  5 |
---------------+----------------+-----
Conjurations   | 1 2 |  2.6
Spellcasting   | 3 4 |  4.7
Fighting       | 1 2 3 |  3.3
Fire Magic     | 3 |  3.6
Dodging        | |  1.5
Stealth        | |  1.5

Action                   |  1- 3 |  4- 6 || total
-------------------------+-------+-------++-------
Melee: Flail             |    13 |    24 ||    37
Throw: Javelin           |       |     5 ||     5
 Cast: Foxfire           |    74 |   158 ||   232
  Use: Scroll            |       |     9 ||     9
 Stab: Sleeping          |     1 |     1 ||     2
Armor: Robe              |     9 |     2 ||    11
       Leather armour    |       |    47 ||    47
Dodge: Dodged            |    24 |    73 ||    97
